 Dungeon Crawl Stone Soup version 0.29-a0-416-g83a48905f1 (webtiles) character file.

Game seed: 5591132967039528563

565 HendSelp the Cutter (level 7, 0/44 HPs)
             Began as a Tengu Monk on May 16, 2022.
             Splashed by a jelly's acid (2 damage)
             ... on level 4 of the Dungeon.
             The game lasted 00:06:53 (4032 turns).

HendSelp the Cutter (Tengu Monk)                    Turns: 4032, Time: 00:06:54

Health: 0/44       AC: -6    Str: 11    XL:     7   Next: 32%
Magic:  8/8        EV: 16    Int: 10    God:
Gold:   154        SH:  0    Dex: 19    Spells: 6/6 levels left

rFire   . . .      SeeInvis .   p - +0 rapier
rCold   . . .      Faith    .   (no shield)
rNeg    . . .      Spirit   .   b - +1 robe
rPois   .          Reflect  .   (helmet restricted)
rElec   .          Harm     .   (no cloak)
rCorr   .          Rampage  .   k - +2 pair of gloves
Will    .....                   (boots unavailable)
Stlth   ++........              (no amulet)
HPRegen 0.14/turn               f - +4 ring of protection
MPRegen 0.11/turn               (no ring)

@: corroded, flying quickly and evasively, quick
A: beak, talons 3, nimble flight
a: no special abilities


You were on level 4 of the Dungeon.
You visited 1 branch of the dungeon, and saw 4 of its levels.

You collected 154 gold pieces.

Inventory:

Hand Weapons
 p - a +0 rapier (weapon)
Armour
 b - a +1 robe (worn)
 k - a +2 pair of gloves (worn)
Jewellery
 f - a +4 ring of protection (left hand)
Scrolls
 j - a scroll of enchant weapon {unknown}
 l - 2 scrolls of immolation
Potions
 a - a potion of invisibility {unknown}
 c - a potion of ambrosia
 d - a potion of heal wounds {unknown}
 e - a potion of cancellation {unknown}
 g - a potion of haste {unknown}
 i - 2 potions of flight {unknown}
 m - a potion of brilliance {unknown}
 n - a potion of mutation {unknown}
 o - a potion of lignification {unknown}


   Skills:
 + Level 5.0 Fighting
 + Level 7.8 Short Blades
 - Level 3.2 Dodging
 - Level 2.0 Stealth


You had 6 spell levels left.
You didn't know any spells.
Your spell library contained the following spells:

 Spells                   Type           Power      Damage    Failure   Level
 Animate Skeleton         Necr           0%         N/A       36%         1


Dungeon Overview and Level Annotations

Branches:
Dungeon (4/15)
 Temple: D:4-7

Altars:

Annotations:
D:3 2 transporters, purpskrrrp's ghost, weakling TrDe
D:4 2 transporters, Eringya's ghost, amateur OpCj


Innate Abilities, Weirdness & Mutations

You have a beak for a mouth.
You have claws for feet.
Your magical nature lets you fly swiftly and evasively.


Message History

You puncture the jelly!
Your hands burn!
* * * LOW HITPOINT WARNING * * *
You claw the jelly, but do no damage. You peck the jelly, but do no damage.
The jelly is almost dead.
The jelly completely misses you.
Unknown command.
Unknown command.
Unknown command.
You feel better. The jelly closely misses you.
You hit the jelly but do no damage. The acid corrodes you!
Your hands burn!
You claw the jelly, but do no damage.
The jelly is almost dead.
Unknown command.
Unknown command.
You hit the jelly.
Your hands burn!
* * * LOW HITPOINT WARNING * * *
The jelly is almost dead.
The jelly hits you.
* * * LOW HITPOINT WARNING * * *
The acid corrodes you!
You are splashed with acid!
* * * LOW HITPOINT WARNING * * *
Unknown command.
Unknown command.
Unknown command.
Unknown command.
Unknown command.
You hit the jelly but do no damage.
Your hands burn!
* * * LOW HITPOINT WARNING * * *
You claw the jelly, but do no damage.
The jelly is almost dead.
The jelly misses you.
Unknown command.
Unknown command.
Unknown command.
Unknown command.
Unknown command.
Unknown command.
Unknown command.
You hit the jelly but do no damage.
Your hands burn!
You die...

#.# #.# ♣♣PP.P♣### #
#.###.#####♣♣...♣ #
#...........♣♣P.♣ #
######.#######♣♣.♣### #
#......#..#.....<...# #
#.#..#)..P#.####..#.#######
#.##...♣♣)..# ##.........[.
#.#..P♣...).##.............
#.#.P♣..).@J...............
#...♣♣...##..#######..####.
#..P ♣.P###..# #..# #. #..♣
♣.## #.... ## #. #.P ..##
#..#.. #. #P..## #..##.#
.#####. # #..# .# .......
#..# # .#.#### #..#######..
####


You could see a jelly.

Vanquished Creatures
  An ogre (D:4)
  A scorpion (D:4)
  A jelly (D:4)
  4 orc priests
  2 iguanas (D:4)
  4 orc wizards (D:4)
  3 adders
  2 worms (D:3)
  A dart slug (D:3)
  11 orcs
  5 ball pythons
  7 bats
  10 endoplasms
  3 giant cockroaches (D:1)
  5 goblins
  14 hobgoblins
  4 jackals (D:1)
  7 kobolds
  A quokka (D:1)
  3 frilled lizards
  6 rats
95 creatures vanquished.

Vanquished Creatures (others)
  An orc wizard (D:4)
  A bush (D:4)
  A fungus (D:1)
  14 plants (D:4)
17 creatures vanquished.

Grand Total: 112 creatures vanquished

Notes
Turn   | Place    | Note
-------+----------+-------------------------------------------
     0 | D:1      | HendSelp the Tengu Monk began the quest for the Orb.
     0 | D:1      | Reached XP level 1. HP: 14/14 MP: 2/2
    57 | D:1      | Found a faded altar of an unknown god.
    65 | D:1      | Reached XP level 2. HP: 18/19 MP: 3/3
   416 | D:1      | Got Plato's Compendium of Sinister Magic
   533 | D:1      | Reached skill level 4 in Short Blades
   546 | D:1      | Reached XP level 3. HP: 6/23 MP: 4/4
  1604 | D:2      | Reached XP level 4. HP: 29/29 MP: 5/5
  2227 | D:3      | Reached skill level 5 in Short Blades
  2384 | D:3      | Found a transporter.
  2423 | D:3      | Noticed purpskrrrp's ghost (weakling TrDe)
  2423 | D:3      | Identified the +11 giant club of Death's Door {freeze,
                  | Str+2}
  2423 | D:3      | Noticed an ogre
  2424 | D:3      | Noticed an ogre
  2514 | D:3      | Gained mutation: Your magical nature lets you fly swiftly
                  | and evasively. [Tengu growth]
  2514 | D:3      | Reached XP level 5. HP: 26/33 MP: 6/6
  2920 | D:3      | Found a transporter.
  2964 | D:4      | Noticed a yak
  2971 | D:4      | Found a transporter.
  2971 | D:4      | Noticed Eringya's ghost (amateur OpCj)
  2990 | D:4      | Noticed an ogre
  3030 | D:4      | Reached skill level 6 in Short Blades
  3030 | D:4      | Reached XP level 6. HP: 35/39 MP: 7/7
  3067 | D:4      | Found a transporter.
  3461 | D:4      | Reached skill level 7 in Short Blades
  3482 | D:4      | Reached XP level 7. HP: 32/44 MP: 8/8
  3697 | D:4      | Reached skill level 5 in Fighting
  4031 | D:4      | HP: 2/44 [acid (2)]
  4032 | D:4      | Splashed by a jelly's acid

Illustrated notes

Levels and vault maps discovered:
D:1:      ncdulo_lavacross, layout_rooms, shapermc_ecumenical_altar_rom_forum
D:2:      layout_basic
D:3:      layout_basic, gammafunk_ghost_smash
D:4:      dreamdust_elfheim, layout_loops_ring, gammafunk_ghost_arena,
          serial_forest, infiniplex_forest_corner_2,
          infiniplex_forest_clump_cross, infiniplex_forest_corner_1,
          infiniplex_forest_clump_diagonal, infiniplex_forest_end_2,
          infiniplex_forest_clump_diagonal

Skill      XL: |  1  2  3  4  5  6  7 |
---------------+----------------------+-----
Short Blades   | 4 5 6 7 |  7.8
Fighting       | 4 5 |  5.0
Dodging        | |  3.2
Stealth        | |  2.0

Action                   |  1- 3 |  4- 6 |  7- 9 || total
-------------------------+-------+-------+-------++-------
Melee: Short sword       |   103 |    63 |       ||   166
       Kick              |    23 |    45 |    10 ||    78
       Peck              |    19 |    25 |     7 ||    51
       Rapier            |       |    82 |    36 ||   118
       Punch             |       |     3 |     1 ||     4
  Use: Scroll            |     5 |     3 |       ||     8
       Potion            |       |     3 |     1 ||     4
 Stab: Sleeping          |     5 |     4 |     2 ||    11
       Distracted        |       |       |     1 ||     1
Armor: Robe              |    22 |    36 |     4 ||    62
Dodge: Dodged            |    57 |    60 |    18 ||   135

Table legend: (Time is in decaauts)
 A = Elapsed time spent in this place.
 B = Non-inter-level travel time spent in this place.
 C = Inter-level travel time spent in this place.
 D = Time resting spent in this place.
 E = Time spent auto-exploring this place.
 F = Levels seen in this place.
 G = Mean time per level.
                   A        B        C        D        E       F      G
               +--------+--------+--------+--------+--------+-----+--------+
         Total |   3908 |   3642 |    266 |     33 |   2927 |   4 |  977.0 |
       Dungeon |   3908 |   3642 |    266 |     33 |   2927 |   4 |  977.0 |
               +--------+--------+--------+--------+--------+-----+--------+

Top non-repeatable levels by time:
     D:1: 1213 daAuts
     D:4: 1007 daAuts
     D:2: 852 daAuts
     D:3: 835 daAuts
